 Dungeon Crawl Stone Soup version 0.26.1-11-gd32895ea62 (webtiles) character file.

Game seed: 4580513463428630244

57 raph the Firebug (level 4, -6/24 HPs)
             Began as a Tengu Fire Elementalist on May 11, 2021.
             Killed from afar by an orc wizard (11 damage)
             ... with a puff of flame
             ... on level 3 of the Dungeon.
             The game lasted 00:03:09 (2740 turns).

raph the Firebug (Tengu Fire Elementalist)          Turns: 2740, Time: 00:03:10

Health: -6/24      AC:  2    Str:  9    XL:     4   Next: 0%
Magic:  1/8        EV: 12    Int: 16    God:
Gold:   89         SH:  8    Dex: 14    Spells: 3/7 levels left

rFire    . . .     SeeInvis .   a - +2 short sword (elec)
rCold    . . .     Faith    .   f - +0 buckler (curse)
rNeg     . . .     Spirit   .   k - +0 robe
rPois    .         Reflect  +   (helmet restricted)
rElec    .         Harm     .   (no cloak)
rCorr    .         Rampage  .   (no gloves)
Will     .....                  (boots unavailable)
Stlth    ++........             e - amulet of reflection
HPRegen  0.08/turn              (no ring)
MPRegen  0.11/turn              (no ring)

@: no status effects
A: beak, talons 3
a: no special abilities


You were on level 3 of the Dungeon.
You visited 1 branch of the dungeon, and saw 3 of its levels.

You collected 89 gold pieces.

Inventory:

Hand Weapons
 a - a +2 short sword of electrocution (weapon)
 b - a +0 dagger
Armour
 f - a cursed +0 buckler (worn)
 k - a +0 robe (worn)
Jewellery
 e - an amulet of reflection (around neck)
Scrolls
 c - a scroll of enchant weapon {unknown}
 d - a scroll of immolation {unknown}
 g - a scroll of remove curse {unknown}
 h - a scroll of noise {unknown}
 n - a scroll of identify {unknown}
 o - a scroll of fog {unknown}
Potions
 i - a potion of flight {unknown}
 j - a potion of berserk rage {unknown}
 l - a potion of might {unknown}
 m - a potion of curing {unknown}


   Skills:
 + Level 2.5 Dodging
 + Level 2.4 Stealth
 + Level 0.6 Shields
 + Level 2.3 Spellcasting
 * Level 2.6 Conjurations
 * Level 3.9 Fire Magic


You had 3 spell levels left.
You knew the following spells:

 Your Spells              Type           Power        Failure   Level
a - Foxfire               Conj/Fire      48%          8%          1
b - Conjure Flame         Conj/Fire      12%          24%         3

Your spell library contained the following spells:

 Spells                   Type           Power        Failure   Level
 Inner Flame              Hex/Fire       8%           38%         3
 Sticky Flame             Conj/Fire      12%          61%         4
 Fireball                 Conj/Fire      6%           91%         5


Dungeon Overview and Level Annotations

Branches:
Dungeon (3/15)

Altars:
Nemelex Xobeh


Innate Abilities, Weirdness & Mutations

You have a beak for a mouth.
You have claws for feet.


Message History

The puff of frost reflects off an invisible shield around you!
The puff of frost hits something.
You hear some strange, mumbled words.
A magic dart appears from out of thin air!
The magic dart hits you! Something hits you but does no damage.
Found a stone staircase leading down.
The orc wizard points at you and mumbles some strange words.
The magic dart hits something.
Something hits you.
* * * LOW HITPOINT WARNING * * *
You hear some strange, mumbled words.
A puff of frost appears from out of thin air!
The puff of frost reflects off an invisible shield around you!
The puff of frost hits something!
Reactivating autopickup.
You feel a bit more experienced.
The orc wizard points at you and mumbles some strange words.
The puff of flame hits you!
You die...

#. #. ## #####. ..
#.....###.# #.# #....
######.####.#########
......rl.ooo.......>#
.......#######).#########
......## #....@.......#
....l.# #.##..######.#
......# #.#.....# #<#
....†.# ###.#.....# ###
......####...#.#...#
..†......#)#.......#
#..#####.#.#.#.....# .†.#
#.#.#.###.### )>.#
#.#.#.# ..#


You could see an orc wizard.

Vanquished Creatures
  An orc wizard (D:3)
  2 adders (D:2)
  A worm (D:3)
  A dart slug (D:1)
  3 leopard geckos
  2 orcs (D:3)
  3 goblins
  2 hobgoblins
  3 bats
  4 frilled lizards
  8 kobolds
  3 rats
33 creatures vanquished.

Vanquished Creatures (others)
  94 foxfires
94 creatures vanquished.

Grand Total: 127 creatures vanquished

Notes
Turn   | Place    | Note
-------+----------+-------------------------------------------
     0 | D:1      | raph the Tengu Fire Elementalist began the quest for the
                  | Orb.
     0 | D:1      | Reached XP level 1. HP: 10/10 MP: 4/4
   341 | D:1      | Reached XP level 2. HP: 15/15 MP: 1/6
  1539 | D:2      | Reached XP level 3. HP: 19/19 MP: 1/7
  1543 | D:2      | Learned a level 3 spell: Conjure Flame
  1803 | D:2      | Found a sparkling altar of Nemelex Xobeh.
  2725 | D:3      | Reached XP level 4. HP: 24/24 MP: 2/8
  2740 | D:3      | Killed from afar by an orc wizard

Illustrated notes

Levels and vault maps discovered:
D:1:      dpeg_arrival_central, layout_basic
D:2:      layout_basic, nemelex_xobeh_ov_fountains_minmay
D:3:      layout_basic, uniq_grinder

Skill      XL: |  1  2 |
---------------+-------+-----
Conjurations   | 2 |  2.6
Dodging        | |  2.5
Stealth        | |  2.4
Shields        | |  0.6
Spellcasting   | |  2.3
Fire Magic     | |  3.9

Action                   |  1- 3 |  4- 6 || total
-------------------------+-------+-------++-------
Melee: Short sword       |     3 |     1 ||     4
       Kick              |       |     1 ||     1
 Cast: Foxfire           |    58 |     1 ||    59
 Stab: Sleeping          |     1 |       ||     1
Armor: Robe              |     3 |     1 ||     4
Dodge: Dodged            |     2 |       ||     2
Block: Buckler           |       |     5 ||     5
       Reflection        |       |     2 ||     2
